AoeStats
← benitezamir

Black Forest

510368647Analyzed
2v2 RM · 7h ago on Sep 30, 2026· 61m 41s· 4 players
Game mode
Random Map
Map size
Medium (4 player)
Population
200
Speed
Normal
Resources
Standard
Victory
Conquest
Starting age
Dark Age
Ending age
Imperial Age
RankedLock teamsTeams togetherTeam positionsShared explorationLock speedFull tech treeHidden civsTurbo modeCheats
Victory
Defeat
🇦🇷 Bulgarians · Argentina
944
+18
🇪🇸 Danes · Spain
889
+19
🇨🇳 Teutons · China
989
-19
🇨🇳 Mongols · China
960
-18
1510232110
0:29 Loom
12:47 Feudal Age
17:27 Castle Age
34:24 Double-Bit Axe
49:02 Imperial Age
47:21 Stone Mining
47:21 Gold Mining
48:49 Wheelbarrow
48:57 Wheelbarrow
53:45 Horse Collar
54:17 Husbandry
54:28 Bloodlines
55:01 Elite Mangudai
56:47 Padded Archer Armor
56:37 Fletching
57:24 Husbandry
57:35 Bloodlines
59:22 Bodkin Arrow
1725629104
1:30 Loom
12:43 Feudal Age
17:00 Castle Age
15:26 Horse Collar
15:33 Double-Bit Axe
18:30 Bow Saw
18:22 Heavy Plow
21:35 Scale Barding Armor
27:46 Wheelbarrow
30:33 Stone Mining
30:33 Gold Mining
32:22 Gambesons
31:58 Man-at-Arms
32:52 Forging
33:03 Chain Barding Armor
36:20 Imperial Age
34:11 Hand Cart
36:28 Caravan
36:29 Elite Teutonic Knight
37:33 Crenellations
37:40 Scale Mail Armor
38:19 Iron Casting
40:08 Caravan
42:41 Two-Man Saw
42:27 Crop Rotation
41:46 Capped Ram
42:55 Onager
43:51 Onager
47:05 Chemistry
47:30 Guard Tower
50:02 Cavalier
50:53 Bloodlines
52:28 Onager
55:25 Heavy Scorpion
benitezamir
0:47 Loom
12:07 Feudal Age
12:42 Double-Bit Axe
16:02 Forging
15:53 Scale Mail Armor
18:05 Horse Collar
27:41 Castle Age
29:16 Wheelbarrow
29:18 Iron Casting
28:59 Chain Mail Armor
29:46 Pikeman
30:27 Squires
31:36 Arson
33:14 Fletching
34:31 Hand Cart
36:24 Gambesons
37:07 Bodkin Arrow
42:51 Imperial Age
41:10 Stirrups
42:03 Heavy Plow
42:07 Light Cavalry
43:00 Bloodlines
42:52 Husbandry
43:21 Scale Barding Armor
49:13 Chain Barding Armor
48:54 Bracer
49:26 Plate Mail Armor
48:57 Padded Archer Armor
50:18 Redemption
53:14 Crop Rotation
52:57 Bow Saw
59:47 Elite Konnik
Carloscba6669
2:20 Loom
12:09 Feudal Age
16:20 Castle Age
14:37 Double-Bit Axe
17:21 Horse Collar
22:27 Bow Saw
24:41 Wheelbarrow
24:36 Heavy Plow
26:13 Stone Mining
26:16 Gold Mining
27:02 Hand Cart
29:37 Squires
28:58 Pikeman
33:19 Imperial Age
31:16 Scale Mail Armor
33:53 Halberdier
35:03 Town Watch
36:17 Forging
36:23 Chain Mail Armor
36:43 Conscription
36:11 Heavy Scorpion
37:02 Siege Engineers
38:03 Chemistry
43:56 Iron Casting
44:33 Plate Mail Armor
47:22 Gold Shaft Mining
47:03 Elite Jomsviking
Connection lost

Rejoining the realm…

Still unreachable

The connection could not be restored.

Session expired

The server has moved on; the page needs a fresh start.